 Dungeon Crawl Stone Soup version 0.17.1-3-g152610e (webtiles) character file.

298 Goblin1989 the Poker (level 6, -5/44 HPs)
             Began as a Demonspawn Gladiator on May 1, 2016.
             Was an Initiate of Cheibriados.
             Slain by Prince Ribbit (6 damage)
             ... on level 5 of the Dungeon on May 2, 2016.
             The game lasted 00:07:37 (3973 turns).

Goblin1989 the Poker (Demonspawn Gladiator)         Turns: 3973, Time: 00:07:37

Health: -5/44      AC: 10    Str: 18    XL:     6   Next: 13%
Magic:  6/6        EV: 10    Int: 10    God:    Cheibriados [......]
Gold:   267        SH:  2    Dex: 15    Spells: 0 memorised, 5 levels left

rFire  . . .     SeeInvis .     a - +0 trident
rCold  . . .     Clarity  .     o - +0 scale mail
rNeg   . . .     SustAt   .     (no shield)
rPois  .         Gourm    .     c - +0 helmet
rElec  .         Spirit   .     m - +0 cloak
rCorr  .         Warding  .     (no gloves)
rMut   .         Stasis   .     (no boots)
MR     .....                    (no amulet)
Stlth  ..........               (no ring)
                                (no ring)

@: very slow, not resistant to hostile enchantments, extremely unstealthy
A: hooves 2, large bone plates 1
a: Bend Time, Renounce Religion


You were on level 5 of the Dungeon.
You worshipped Cheibriados.
Cheibriados was noncommittal.
You were hungry.

You visited 1 branch of the dungeon, and saw 5 of its levels.

You collected 267 gold pieces.

Inventory:

Hand Weapons
 a - a +0 trident (weapon)
Missiles
 d - 3 throwing nets (quivered)
Armour
 c - a +0 helmet (worn)
 m - a +0 cloak (worn)
 o - a +0 scale mail (worn)
Jewellery
 u - an uncursed ring of protection from cold {unknown}
Scrolls
 g - 5 scrolls of identify {unknown}
 h - a scroll of teleportation {unknown}
 i - 3 scrolls of magic mapping {unknown}
 k - 3 scrolls of enchant weapon {unknown}
 l - a scroll of noise {unknown}
 n - a scroll of fog {unknown}
 p - 2 scrolls of amnesia {unknown}
 q - a scroll of fear {unknown}
 r - 4 scrolls of remove curse {unknown}
 y - a scroll of enchant armour {unknown}
Potions
 b - a potion of heal wounds {unknown}
 j - 2 potions of curing {unknown}
 t - a potion of might {unknown}
 v - a potion of haste {unknown}
 w - a potion of cancellation {unknown}
 x - a potion of agility {unknown}
Comestibles
 e - 4 bread rations
 f - 3 meat rations
 s - a beef jerky


   Skills:
 - Level 2.0 Fighting
 + Level 6.3 Polearms
 - Level 1.7 Throwing
 - Level 2.6 Dodging


You had 5 spell levels left.
You didn't know any spells.

Dungeon Overview and Level Annotations

Branches:
Dungeon (5/15)
 Temple: D:4-7

Altars:
Cheibriados
Ru
Sif Muna
Zin

Annotations:
D:5 Prince Ribbit


Innate Abilities, Weirdness & Mutations

You have hoof-like feet.
You are partially covered in large bone plates (AC +2, SH +2).


Message History

You are too injured to fight recklessly!
You are too injured to fight recklessly!
You are too injured to fight recklessly!
You are too injured to fight recklessly!
You are too injured to fight recklessly!
You are too injured to fight recklessly!
You are too injured to fight recklessly!
You are too injured to fight recklessly!
You are too injured to fight recklessly!
You are too injured to fight recklessly!
You are too injured to fight recklessly!
You are too injured to fight recklessly!
You are too injured to fight recklessly!
You miss Prince Ribbit. Your kick misses Prince Ribbit. Prince Ribbit hits you!
* * * LOW HITPOINT WARNING * * *
Prince Ribbit catches a wasp with his tongue.
Prince Ribbit barely misses you.
You take 11 damage, and have 1/44 hp.
MASSIVE DAMAGE!!
You hit Prince Ribbit. Prince Ribbit hits you.
You die...

. .. ...
.... ##
.....#.
.......##
......F@###
##.#......#
###...<#
#....#
#....#
..#####
.... ....
...


You could see Prince Ribbit.

Vanquished Creatures
  2 orc priests (D:4)
  A worker ant (D:5)
  Natasha (D:3)
  An iguana (D:4)
  6 adders
  A shadow imp (D:3)
  An ooze (D:4)
  A worm (D:2)
  14 orcs
  4 giant cockroaches
  7 goblins
  3 hobgoblins
  11 jackals
  6 quokkas
  A ball python (D:1)
  5 bats
  4 giant geckos
  4 giant newts
  9 kobolds
  4 rats
86 creatures vanquished.

Notes
Turn   | Place    | Note
--------------------------------------------------------------
     0 | D:1      | Goblin1989 the Demonspawn Gladiator began the quest for the Orb.
     0 | D:1      | Reached XP level 1. HP: 16/16 MP: 1/1
   138 | D:1      | Reached skill level 3 in Polearms
   590 | D:1      | Gained mutation: You are partially covered in large bone plates (AC +2, SH +2). [demonic ancestry]
   590 | D:1      | Reached XP level 2. HP: 22/22 MP: 2/2
  1161 | D:1      | Reached XP level 3. HP: 24/27 MP: 3/3
  1365 | D:2      | Reached skill level 4 in Polearms
  1600 | D:2      | Found a glowing silver altar of Zin.
  1603 | D:2      | Found a deep blue altar of Sif Muna.
  1785 | D:2      | Gained mutation: You have large cloven feet. [demonic ancestry]
  1785 | D:2      | Reached XP level 4. HP: 18/33 MP: 4/4
  2457 | D:3      | Reached skill level 5 in Polearms
  2463 | D:3      | Noticed Natasha
  2475 | D:3      | Killed Natasha
  2475 | D:3      | Reached XP level 5. HP: 25/38 MP: 5/5
  3251 | D:4      | Reached skill level 6 in Polearms
  3329 | D:4      | Found a snail-covered altar of Cheibriados.
  3356 | D:4      | Became a worshipper of Cheibriados the Contemplative
  3608 | D:4      | Found a sacrificial altar of Ru.
  3680 | D:4      | Gained mutation: You have hoof-like feet. [demonic ancestry]
  3680 | D:4      | Reached XP level 6. HP: 16/44 MP: 6/6
  3952 | D:5      | Entered Level 5 of the Dungeon
  3963 | D:5      | Noticed Prince Ribbit
  3972 | D:5      | HP: 1/44 [Prince Ribbit (11)]
  3973 | D:5      | Slain by Prince Ribbit

Action                   |  1- 3 |  4- 6 || total
-------------------------+-------+-------++-------
Melee: Trident           |   181 |   208 ||   389
 Stab: Sleeping          |     1 |       ||     1
  Eat: Chunk             |     3 |     7 ||    10
